AoeStats
← ThebigH19891412

Arabian Desert

510477088Analyzed
1v1 RM · 21h ago on Oct 1, 2026· 34m 19s· 2 players
Game mode
Random Map
Map size
Tiny (2 player)
Population
200
Speed
Normal
Resources
Standard
Victory
Conquest
Starting age
Dark Age
Ending age
Imperial Age
RankedLock teamsTeams togetherTeam positionsShared explorationLock speedFull tech treeHidden civsTurbo modeCheats
Victory
Defeat
🇳🇬 Huns · Nigeria
480
+17
🇦🇺 Turks · Australia
496
-17
Terkaan9900
10:47 Feudal Age
12:03 Double-Bit Axe
14:08 Bloodlines
23:42 Horse Collar
27:05 Castle Age
26:35 Scale Barding Armor
26:42 Forging
28:57 Bow Saw
28:50 Heavy Plow
29:13 Chain Barding Armor
29:29 Iron Casting
31:03 Husbandry
31:08 Light Cavalry
ThebigH19891412
0:34 Loom
14:03 Feudal Age
18:42 Man-at-Arms
22:09 Horse Collar
22:19 Double-Bit Axe
22:37 Stone Mining
22:53 Gold Mining
29:01 Castle Age
30:20 Squires
31:15 Crossbowman
Connection lost

Rejoining the realm…

Still unreachable

The connection could not be restored.

Session expired

The server has moved on; the page needs a fresh start.